Map: [ESL] Goldenaura

Players

SHIN - Winner!

  • Race: Zerg Zerg
  • Spawn Location: 5:00

NiCe

  • Race: Protoss Protoss
  • League: Master
  • Spawn Location: 12:00

Event: IEM Katowice 2024

VOD

Have the link to the VOD?

Description

Time

  • Played on: Dec. 5, 2023, 4:47 a.m.
  • Length: 4:27

All games in this series

Show
View Real Time Build Order
Export as new Build Order

SHIN Zerg - Winner!

Build Orders: 3 Hatch before Pool 

Get SALT Encoding   

  12  0:00  Drone  
  13  0:09  Drone  
  14  0:16  Overlord  
  14  0:22  Extractor  
  14  0:23  Drone  
  15  0:35  Drone  
  16  0:52  Hatchery  
  16  0:53  Drone  
  16  0:56  Drone  
  17  0:59  Drone  
  18  1:20  Hatchery  
  18  1:23  Drone  
  18  1:26  Drone  
  19  1:36  Extractor  
  18  1:40  Spawning Pool  
  18  1:44  Drone  
  18  1:47  Drone  
  18  1:50  Drone  
  20  1:59  Drone  
  21  2:23  Hatchery  
  22  2:33  Queen  
  22  2:34  Drone  
  25  2:39  Metabolic Boost  
  25  2:51  Roach Warren  
  24  2:53  Zergling x8  
  24  2:58  Zergling x2  
  27  2:59  Zergling x2  
  27  3:02  Zergling x2  
  27  3:05  Zergling x2  
  30  3:08  Zergling x2  
  31  3:15  Overlord  
  29  3:34  Roach x2  
  32  3:40  Zergling x10  
  37  3:42  Zergling x2  
  37  3:49  Zergling x4  
  37  3:50  Zergling x2  
  40  3:57  Zergling x4  
  42  4:09  Zergling x2  
Show
View Real Time Build Order
Export as new Build Order

NiCe Protoss 

Build Orders:  

Get SALT Encoding   

  12  0:00  Probe  
  13  0:12  Probe  
  14  0:19  Pylon  
  14  0:24  Probe (Chrono Boost)  
  15  0:38  Probe (Chrono Boost)  
  16  0:44  Probe (Chrono Boost)  
  17  0:53  Probe  
  18  1:01  Gateway  
  18  1:11  Nexus  
  18  1:14  Probe  
  19  1:20  Assimilator  
  19  1:27  Probe  
  20  1:35  Gateway  
  20  1:39  Probe  
  21  1:49  Cybernetics Core  
  21  1:50  Zealot (Chrono Boost)  
  23  1:57  Pylon  
  23  2:03  Assimilator  
  23  2:15  Probe  
  26  2:26  Pylon  
  26  2:28  Adept (Chrono Boost)  
  28  2:30  Adept (Chrono Boost), Warp Gate  
  28  2:32  Probe  
  28  2:35  Probe  
  30  2:44  Probe  
  30  2:47  Probe  
  30  2:48  Shield Battery  
  32  2:54  Adept  
  32  2:57  Sentry  
  36  3:00  Probe  
  36  3:03  Probe  
  38  3:12  Probe  
  39  3:15  Probe  
  40  3:24  Probe  
  41  3:27  Probe  
  42  3:36  Probe  
  43  3:42  Probe  
  43  3:47  Adept (Chrono Boost)  
  48  3:49  Shield Battery, Probe  
  48  3:50  Forge  
  48  3:54  Probe  
  48  3:55  Adept (Chrono Boost)  
  50  4:02  Pylon  

Tags
 
Add a new tag
Caveats
  • Supply blocks, unpowered buildings, or Contaminate may cause inaccurate times.
  • Supply counts are checked every 10 seconds.